 Dungeon Crawl Stone Soup version 0.17-a0-701-gb6462b4 (webtiles) character file.

2493 sugabear the Shield-Bearer (level 9, -1/55 HPs)
             Began as a Gargoyle Fighter on Apr 19, 2015.
             Was a Follower of Kikubaaqudgha.
             Shot with a bolt by an orc warrior (16 damage)
             ... in a bailey.
             The game lasted 00:12:04 (7053 turns).

sugabear the Shield-Bearer (Gargoyle Fighter)       Turns: 7053, Time: 00:12:04

Health: -1/55      AC: 14    Str: 22    XL:     9   Next: 52%
Magic:  14/14      EV: 10    Int: 10    God:    Kikubaaqudgha [*.....]
Gold:   370        SH: 10    Dex:  9    Spells: 0 memorised, 15 levels left

rFire  + . .     SeeInvis .     a - +0 war axe
rCold  . . .     Clarity  .     w - +3 ring mail {rF+}
rNeg   + . .     SustAb   .     c - +0 shield
rPois  ∞         Gourm    .     (no helmet)
rElec  +         Spirit   .     (no cloak)
rCorr  .         Warding  .     (no gloves)
rMut   .         Stasis   .     (no boots)
MR     .....                    (no amulet)
Stlth  +.........               (no ring)
                                (no ring)

@: not resistant to hostile enchantments, very unstealthy
A: negative energy resistance 1, electricity resistance, unbreathing,
petrification resistance, rot immunity, AC +5
a: Receive Corpses, Renounce Religion


You were in a bailey.
You worshipped Kikubaaqudgha.
Kikubaaqudgha was aware of your devotion.
You were not hungry.

You visited 2 branches of the dungeon, and saw 8 of its levels.
You also visited: Bailey.

You collected 370 gold pieces.

Inventory:

Hand weapons
 a - a +0 war axe (weapon)
Armour
 c - a +0 shield (worn)
 w - a +3 ring mail of fire resistance (worn)
Jewellery
 i - an uncursed ring of ice
Magical devices
 o - a wand of fireball (12)
 r - a wand of random effects (48)
 F - a wand of random effects (15)
Scrolls
 h - 10 scrolls of identify {unknown}
 p - a scroll of random uselessness
 q - 3 scrolls of remove curse {unknown}
 t - 3 scrolls of teleportation {unknown}
 v - 4 scrolls of immolation {unknown}
 x - 2 scrolls of fog {unknown}
 y - 2 scrolls of noise {unknown}
 D - 4 scrolls of blinking {unknown}
Potions
 f - 4 potions of agility {unknown}
 k - 2 potions of heal wounds {unknown}
 l - 2 potions of brilliance {unknown}
 n - a potion of lignification {unknown}
 u - 2 potions of ambrosia {unknown}
 z - 3 potions of berserk rage {unknown}
 B - a potion of mutation {unknown}
 C - 2 potions of poison
 E - a potion of flight {unknown}
 G - a potion of magic {unknown}
 I - a potion of cancellation {unknown}
Books
 b - Kikubaaqudgha's Guide on Necromancy
   (Kikubaaqudgha gifted it to you on level 7 of the Dungeon)

   Spells                             Type                      Level
   a - Animate Skeleton               Necromancy                   1
   b - Pain                           Necromancy                   1
   c - Corpse Rot                     Necromancy                   2
   d - Vampiric Draining              Necromancy                   3
   e - Control Undead                 Necromancy                   4
 A - a book of Geomancy

   Spells                             Type                      Level
   a - Sandblast                      Earth                        1
   b - Stoneskin                      Transmutation/Earth          2
   c - Passwall                       Transmutation/Earth          3
   d - Stone Arrow                    Conjuration/Earth            3
   e - Petrify                        Transmutation/Earth          4
   f - Lee's Rapid Deconstruction     Earth                        5
Comestibles
 d - 3 bread rations
 g - 3 chunks of flesh
 j - 4 meat rations
 s - a beef jerky
 H - a slice of pizza


   Skills:
 + Level 5.8 Fighting
 + Level 4.7 Axes
 + Level 5.7 Armour
 + Level 4.4 Dodging
 + Level 1.4 Stealth
 + Level 6.7 Shields
 * Level 3.8 Spellcasting
 * Level 2.6 Necromancy


You had 15 spell levels left.
You didn't know any spells.

Dungeon Overview and Level Annotations

Branches:
Dungeon (7/15)             Temple (1/1) D:5

Altars:
Cheibriados
Dithmenos
Elyvilon
Fedhas
Kikubaaqudgha
Nemelex Xobeh
Okawaru
Qazlal
Ru
Sif Muna
Trog
Vehumet
Xom
Yredelemnul
Zin
The Shining One


Innate Abilities, Weirdness & Mutations

You are resistant to torment.
Your stone body is resilient (AC +5).
You are immune to poison.
You resist negative energy.
You are resistant to electric shocks.
You can survive without breathing.
You are immune to petrification.
You are immune to rotting.


Message History

The orc warrior is almost dead.
The orc warrior barely misses you.
You hit the orc warrior.
You kill the orc warrior!
Kikubaaqudgha accepts your kill.
Items here: ( ) [ † an uncursed arbalest; 12 bolts; a ring mail; an orc corpse You butcher the orc corpse.
g - 4 chunks of flesh
Things that are here:
an uncursed arbalest; 12 bolts; a ring mail You start resting.
You are feeling very hungry.
You start resting.
An orc warrior comes into view. It is wielding an arbalest.
Eat one of 4 chunks of flesh? (ye/n/q/i?) This raw flesh tastes terrible.
The orc warrior shoots a bolt.
The bolt hits you!
You die...
Kikubaaqudgha rasps: "You have failed me!
Welcome... oblivion!"

#################################
...((o..........@.((..(.o..(.(((∩
...........................(.).∩(
..........................((.....
.........................)(......
.................................
.................................
≈≈≈≈≈≈≈≈≈≈≈≈≈≈≈≈≈≈≈≈≈≈≈≈≈≈≈.....)
#o#≈≈≈≈≈≈≈≈≈≈≈≈≈≈≈≈≈≈≈#.#≈≈......
##≈≈≈≈≈≈≈≈≈≈≈≈≈≈≈≈≈##.##≈......


You could see an orc warrior.

Vanquished Creatures
  A sky beast (D:6)
  5 orc warriors
  2 phantoms
  2 centaurs (D:4)
  An ogre (D:5)
  A scorpion (D:5)
  3 water moccasin skeletons
  A giant frog skeleton (D:7)
  2 hounds
  4 crimson imps (D:5)
  Crazy Yiuf (D:2)
  A giant frog zombie (D:5)
  A wasp zombie (D:4)
  6 orc priests
  11 orc wizards
  Terence (D:2)
  Natasha (thrice) (D:2)
  An iguana (D:4)
  5 worker ants
  A killer bee zombie (D:5)
  A hound zombie (D:5)
  A gnoll (D:7)
  A shadow imp (D:5)
  6 adders
  2 oozes
  An adder skeleton (D:4)
  4 worms
  4 giant geckos
  35 orcs
  A ball python (D:2)
  2 bat zombies
  5 giant cockroaches
  15 hobgoblins
  6 bats
  8 giant newts
  13 goblins
  12 jackals
  2 jackal skeletons
  9 kobolds
  4 quokkas
  12 rats
197 creatures vanquished.

Notes
Turn   | Place    | Note
--------------------------------------------------------------
     0 | D:1      | sugabear, the Gargoyle Fighter, began the quest for the Orb.
     0 | D:1      | Reached XP level 1. HP: 14/14 MP: 1/1
   167 | D:1      | Reached XP level 2. HP: 19/19 MP: 2/2
   263 | D:1      | Found a sparkling altar of Nemelex Xobeh.
   406 | D:2      | Noticed Natasha
   420 | D:2      | Killed Natasha
   420 | D:2      | Reached XP level 3. HP: 4/24 MP: 3/3
   597 | D:2      | Reached skill level 1 in Dodging
   731 | D:2      | Noticed Crazy Yiuf
   741 | D:2      | Killed Crazy Yiuf
   741 | D:2      | Reached skill level 4 in Fighting
   741 | D:2      | Reached XP level 4. HP: 10/29 MP: 0/4
   976 | D:2      | Noticed Terence
   987 | D:2      | Killed Terence
  1196 | D:2      | Reached XP level 5. HP: 25/33 MP: 5/5
  1273 | D:2      | Noticed Natasha
  1280 | D:2      | Killed Natasha
  1479 | D:2      | Noticed Natasha
  1485 | D:2      | Killed Natasha
  1569 | D:2      | Found a bloodstained altar of Trog.
  1903 | D:3      | Found a sacrificial altar of Ru.
  1903 | D:3      | Found a glowing silver altar of Zin.
  2411 | D:4      | Noticed a centaur
  2426 | D:4      | Killed a centaur
  2426 | D:4      | Reached XP level 6. HP: 35/38 MP: 6/6
  2645 | D:4      | Noticed a centaur
  2651 | D:4      | Killed a centaur
  2651 | D:4      | Reached skill level 5 in Shields
  2651 | D:4      | Reached XP level 7. HP: 21/44 MP: 7/7
  3268 | D:5      | Entered Level 5 of the Dungeon
  3291 | D:5      | Reached skill level 5 in Armour
  3735 | D:5      | Reached skill level 5 in Fighting
  3746 | D:5      | Found a staircase to the Ecumenical Temple.
  3822 | Temple   | Entered the Ecumenical Temple
  3920 | Temple   | Became a worshipper of Kikubaaqudgha
  3950 | D:5      | Reached XP level 8. HP: 45/49 MP: 8/8
  4072 | D:5      | Reached skill level 1 in Spellcasting
  4490 | D:5      | Reached skill level 6 in Shields
  4490 | D:5      | Reached skill level 1 in Necromancy
  5531 | D:6      | Found a sacrificial altar of Ru.
  5646 | D:6      | Reached skill level 1 in Stealth
  5651 | D:6      | Reached XP level 9. HP: 16/54 MP: 13/13
  5976 | D:7      | Acquired Kikubaaqudgha's first power
  5976 | D:7      | Received a gift from Kikubaaqudgha
  5997 | D:7      | Identified Kikubaaqudgha's Guide on Necromancy (Kikubaaqudgha gifted it to you on level 7 of the Dungeon)
  6393 | D:7      | Found a flagged portal.
  6412 | Bailey   | Entered a bailey
  7053 | Bailey   | Shot with a bolt by an orc warrior

Action                   |  1- 3 |  4- 6 |  7- 9 || total
-------------------------+-------+-------+-------++-------
Melee: War axe           |    81 |   261 |   557 ||   899
Evoke: Wand              |       |       |     1 ||     1
  Use: Potion            |       |       |     7 ||     7
       Scroll            |       |       |     3 ||     3
  Eat: Chunk             |       |     7 |    10 ||    17
       Meat ration       |       |       |     1 ||     1
